 Dungeon Crawl Stone Soup version 0.31-a0-1008-g5b978dac0e (webtiles) character file.

Game seed: 12066109433595547020

4031 GenialerGandalf the Cleaver (level 10, -5/88 HPs)
             Began as a Hill Orc Fighter on Nov 12, 2023.
             Was a Priest of Beogh.
             Slain by an orc knight
             ... wielding a +0 trident
              (11 damage)
             ... in a bailey.
             The game lasted 00:25:12 (7855 turns).

GenialerGandalf the Cleaver (Hill Orc Fighter)      Turns: 7855, Time: 00:25:12

Health: -5/88      AC: 16    Str: 24    XL:     10   Next: 24%
Magic:  13/13      EV:  9    Int:  8    God:    Beogh [***...]
Gold:   335        SH:  5    Dex: 10    Spells: 9/9 levels left

rFire   . . .        a - +0 war axe
rCold   . . .        c - +0 buckler
rNeg    . . .        b - +0 scale mail
rPois   .            m - +0 helmet
rElec   .            d - +2 cloak {Stlth+}
rCorr   .            (no gloves)
SInv    .            A - +2 pair of boots
Will    .....        (no amulet)
Stlth   +            (no ring)
HPRegen 0.34/turn    (no ring)
MPRegen 0.13/turn

%: no passive effects
@: no status effects
A: no striking features
a: Renounce Religion, Smiting


You were in a bailey.
You worshipped Beogh.
Beogh was most pleased with you.
You visited 2 branches of the dungeon, and saw 10 of its levels.
You also visited: Ossuary and Bailey.

You collected 335 gold pieces.

Inventory:

Hand Weapons
 a - a +0 war axe (weapon)
Missiles
 B - a throwing net
Armour
 b - a +0 scale mail (worn)
 c - a +0 buckler (worn)
 d - a +2 cloak of stealth (worn)
 j - a +0 helmet
 m - a +0 helmet (worn)
 A - a +2 pair of boots (worn)
Jewellery
 z - an amulet of faith
 E - a ring of ice
 G - a +6 ring of dexterity
Scrolls
 g - 2 scrolls of vulnerability {unknown}
 h - 4 scrolls of enchant armour
 k - 2 scrolls of teleportation
 n - 7 scrolls of noise
 o - a scroll of fog
 s - 3 scrolls of enchant weapon {unknown}
 v - 3 scrolls of blinking
 w - a scroll of summoning
 x - a scroll of acquirement {unknown}
 y - a scroll of brand weapon
 F - a scroll of revelation {unknown}
 H - a scroll of identify
 I - a scroll of silence {unknown}
Potions
 e - 8 potions of degeneration
 f - 4 potions of enlightenment {unknown}
 i - 5 potions of brilliance
 p - 4 potions of curing
 q - a potion of lignification {unknown}
 r - 2 potions of invisibility {unknown}
 t - 2 potions of haste {unknown}
 u - 3 potions of might
 C - 3 potions of mutation {unknown}
 D - a potion of attraction {unknown}


   Skills:
 * Level 7.8 Fighting
 * Level 12.5 Axes
 * Level 8.2 Armour
 * Level 6.2 Shields
 * Level 5.3 Invocations


You had 9 spell levels left.
You didn't know any spells.
Your spell library contained the following spells:

 Spells                   Type           Power      Damage    Failure   Level
 Sandblast                Erth           0%         2d4       73%         1
 Blink                    Tloc           0%         N/A       86%         2
 Ensorcelled Hibernation  Hex/Ice        0%         N/A       86%         2
 Lesser Beckoning         Tloc           0%         N/A       86%         2
 Momentum Strike          Conj/Tloc      0%         3d8       86%         2
 Passwall                 Tmut/Erth      0%         N/A       86%         2
 Inner Flame              Hex/Fire       0%         N/A       97%         3
 Stone Arrow              Conj/Erth      0%         3d7       97%         3
 Teleport Other           Tloc           0%         N/A       97%         3
 Brom's Barrelling Bould  Conj/Erth      0%         2d3       100%        4
 Flame Wave               Conj/Fire      0%         2d4       100%        4
 Sticky Flame             Conj/Fire      0%         2d3       100%        4
 Summon Forest            Summ/Tloc      0%         N/A       100%        5
 Disjunction              Tloc           0%         N/A       100%        8


Dungeon Overview and Level Annotations

Branches:
Dungeon (9/15)             Temple (1/1) D:6         Ossuary (visited)
 Bailey (1/1)
   Lair: D:8-11         Orc: D:9-12

Altars:
Ashenzari
Cheibriados
Dithmenos
Elyvilon
Fedhas
Gozag
Hepliaklqana
Kikubaaqudgha
Makhleb
Nemelex Xobeh
Okawaru
Qazlal
Ru
Sif Muna
Trog
Uskayaw
Vehumet
Wu Jian
Xom
Yredelemnul
Zin
The Shining One

Shops:
D:2 [   D:3 (

Annotations:
D:4 Pikel


Message History

The orc knight is severely wounded.
You block the orc warrior's attack. You block the orc knight's attack.
Your orc closely misses the orc knight.
Your orc closely misses the orc warrior.
Your orc warrior closely misses the orc warrior.
You closely miss the orc knight.
The orc knight is severely wounded.
The orc warrior hits you from afar with a +0 halberd.
* * * LOW HITPOINT WARNING * * *
Your orc hits the orc knight from afar with a +0 halberd.
The orc knight hits your orc from afar with a +0 trident!
Your orc dies!
Your orc hits the orc warrior from afar with a +0 spear.
Your orc warrior closely misses the orc warrior.
You feel much better.
The orc warrior hits you from afar with a +0 halberd!
* * * LOW HITPOINT WARNING * * *
The orc knight hits you with a +0 trident!
* * * LOW HITPOINT WARNING * * *
Your orc closely misses the orc warrior.
Your orc warrior closely misses the orc warrior.
You hit the orc knight.
The orc knight is severely wounded.
The orc warrior hits you from afar with a +0 halberd!
* * * LOW HITPOINT WARNING * * *
The orc knight closely misses you.
Your orc hits the orc warrior but does no damage.
Your orc warrior hits the orc warrior from afar with a +0 halberd!
The orc warrior dies!
Beogh accepts your kill.
Your orc warrior looks more experienced.
The orc knight barely misses you.
The orc knight attacks as it pursues you!
The orc knight hits you but does no damage.
You swap places.
Your orc hits the orc knight but does no damage.
The orc knight attacks as it pursues you!
The orc knight hits you from afar with a +0 trident!
You die...
Beogh appreciates the orc knight's killing of a heretic priest.

##..~~~~~ ##..~~...
##########..~~..#
#..........~~..##
#.~~~~)~~~~o..# ##
#.~.....)oo..## ..
#.~.#########'###'### #.~.##
##oo.o.... #.~..##
##@o§§≈≈≈≈≈ #.~o..##
##oo≈≈.....≈ #∩.~~..#
#.)o)..⌠∩⌠..
##.~~..#+#..≈§...⌠... #+
#.~~..##.##..≈≈..§§.≈ #.#
#.~..##...+#..≈§≈.≈≈≈ $.#
#.~.##..o..##....§... $.
#.~.#############+###########
#.~..........## ##.......


You could see an orc knight (ally target), a friendly orc warrior and 5 friendly
orcs.

Vanquished Creatures
  3 trolls
  A vampire mosquito (D:7)
  3 water moccasins
  Duvessa (D:6)
  2 ice beasts (D:7)
  3 orc warriors
  2 black bears
  An ogre (D:5)
  3 centaurs
  2 phantoms (D:6)
  A kobold brigand (D:7)
  3 bullfrogs
  3 scorpions
  A wight (D:7)
  Dowan (D:6)
  7 howler monkeys
  3 hounds
  2 human zombies (Ossuary)
  Crazy Yiuf (D:2)
  A gnoll bouda (D:7)
  4 orc priests
  2 sleepcaps (D:6)
  6 orc wizards
  4 iguanas
  4 mummies (Ossuary)
  3 gnolls (D:2)
  6 adders
  2 white imps
  4 ufetubi (D:5)
  A worm (D:2)
  6 dart slugs
  21 orcs
  8 endoplasms
  A giant cockroach (D:1)
  2 gnoll zombies (Ossuary)
  8 goblins
  3 hobgoblins
  A jackal (D:3)
  3 kobolds
  2 quokkas
  7 ball pythons
  9 bats
  8 frilled lizards
  2 kobold zombies (Ossuary)
  2 orc zombies (Ossuary)
  8 rats
171 creatures vanquished.

Vanquished Creatures (collateral kills)
  An orc warrior (Bailey)
  An orc (Bailey)
2 creatures vanquished.

Vanquished Creatures (others)
  An orc warrior (Bailey)
  An orc (Bailey)
  A jackal (D:3)
3 creatures vanquished.

Grand Total: 176 creatures vanquished

Notes
Turn   | Place    | Note
-------+----------+-------------------------------------------
     0 | D:1      | GenialerGandalf the Hill Orc Fighter began the quest for
                  | the Orb.
     0 | D:1      | Reached XP level 1. HP: 19/19 MP: 1/1
   105 | D:1      | Reached XP level 2. HP: 27/27 MP: 2/2
   120 | D:1      | Reached skill level 3 in Axes
   141 | D:1      | Got the Atlas of the Three Portals
   242 | D:1      | Found a faded altar of an unknown god.
   325 | D:1      | Reached XP level 3. HP: 31/33 MP: 3/3
   833 | D:2      | You fall into a shaft and drop 2 floors!
   847 | D:4      | Reached skill level 4 in Axes
   847 | D:4      | Reached XP level 4. HP: 13/40 MP: 4/4
  1163 | D:2      | Found Xium's Armour Shoppe.
  1576 | D:2      | Reached XP level 5. HP: 32/47 MP: 5/5
  1585 | D:2      | Reached skill level 5 in Axes
  1739 | D:2      | Found a runed translucent door.
  1740 | D:2      | Noticed Crazy Yiuf
  1753 | D:2      | Killed Crazy Yiuf
  2053 | D:3      | Found Saleje's Antique Weapon Boutique.
  2079 | D:3      | Became a worshipper of Beogh the Brigand
  2756 | D:4      | Noticed a lemure
  2756 | D:4      | Noticed a lemure
  2760 | D:4      | Noticed a lemure
  2884 | D:4      | Noticed a lemure
  2885 | D:4      | Noticed Pikel
  2897 | D:4      | HP: 2/47 [Pikel/+2 whip of flaming (2)]
  3096 | D:5      | Entered Level 5 of the Dungeon
  3100 | D:5      | Reached XP level 6. HP: 53/53 MP: 6/6
  3246 | D:5      | Found a sand-covered staircase.
  3251 | Ossuary  | Entered an ossuary
  3290 | Ossuary  | Reached skill level 6 in Axes
  3528 | Ossuary  | Reached skill level 5 in Fighting
  3702 | D:5      | Noticed a black bear
  3711 | D:5      | Killed a black bear
  3712 | D:5      | Reached XP level 7. HP: 55/61 MP: 7/7
  3867 | D:5      | Reached skill level 7 in Axes
  4018 | D:5      | Reached * piety under Beogh
  4019 | D:5      | Reached skill level 1 in Invocations
  4138 | D:5      | Reached skill level 5 in Armour
  4372 | D:6      | Found a stormy altar of Qazlal.
  4425 | D:6      | Found a blossoming altar of Fedhas.
  4470 | D:6      | Reached skill level 8 in Axes
  4490 | D:6      | Reached XP level 8. HP: 69/69 MP: 9/9
  4666 | D:6      | Reached skill level 9 in Axes
  4666 | D:6      | Reached skill level 5 in Shields
  4917 | D:6      | Found a staircase to the Ecumenical Temple.
  4996 | Temple   | Entered the Ecumenical Temple
  5334 | D:6      | Noticed Dowan
  5335 | D:6      | Noticed Duvessa
  5344 | D:6      | Killed Dowan
  5345 | D:6      | Reached skill level 10 in Axes
  5345 | D:6      | Reached XP level 9. HP: 63/78 MP: 11/11
  5349 | D:6      | Killed Duvessa
  5730 | D:7      | Noticed a troll
  5754 | D:7      | Killed a troll
  6077 | D:7      | Identified the +4 eveningstar "Oseurare" {heavy, rElec rF+
                  | Dex+2}
  6077 | D:7      | Identified the amulet of Tucs {Acrobat rF+ Regen+}
  6077 | D:7      | Noticed a deep elf pyromancer
  6110 | D:7      | Reached ** piety under Beogh
  6132 | D:7      | Reached skill level 11 in Axes
  6144 | D:7      | Noticed a boulder beetle
  6981 | D:8      | HP: 2/79 [orc warrior/+0 trident (5)]
  7389 | D:9      | Noticed a troll
  7397 | D:9      | Killed a troll
  7520 | D:9      | Reached skill level 12 in Axes
  7520 | D:9      | Reached XP level 10. HP: 81/86 MP: 13/13
  7542 | D:9      | Reached skill level 5 in Invocations
  7681 | D:9      | Found a flagged portal.
  7709 | Bailey   | Entered a bailey
  7731 | Bailey   | Reached *** piety under Beogh
  7835 | Bailey   | Noticed an orc knight
  7855 | Bailey   | Slain by an orc knight

Illustrated notes

Levels and vault maps discovered:
D:1:      psy_arrival_radial02, layout_rooms, ebering_ecumenical_altar_ruins
D:2:      layout_basic, serial_shops, shop, uniq_crazy_yiuf_cottage
D:3:      layout_rooms, serial_shops, nicolae_square_shop, dk_noncrumbling_2
D:4:      layout_basic, kennysheep_generic_room_14, uniq_pikel
D:5:      layout_loops_ring, enter_ossuary_2
D:6:      layout_rooms, grunt_temple_overflow_forces_of_nature,
          minmay_temple_entry_statues_pillars, kennysheep_generic_room_6,
          uniq_duvessa
D:7:      minmay_the_grid_octo_tiled_octocenter [minmay_the_grid_octo_77,
          minmay_the_grid_octo_checkerflower,
          minmay_the_grid_octo_vomiting_pacman, minmay_the_grid_octo_fan_narrow,
          minmay_the_grid_octo_prize_ultimate_mussel_roller,
          minmay_the_grid_square_5x5_two, minmay_the_grid_square_5x5_one_wall,
          minmay_the_grid_square_5x5_two_walls_a,
          minmay_the_grid_square_5x5_empty], layout_basic,
          chequers_guarded_unrand_ignorance
D:8:      layout_loops_ring, minivault_5, supply_closet_lemuel
D:9:      layout_loops_ring, enter_bailey_5, nrook_mini_backslash, uniq_joseph
Temple:   nicolae_temple_bog_church
Bailey:   bailey_polearm_1, bailey

Skill      XL: |  1  2  3  4  5  6  7  8  9 10 |
---------------+-------------------------------+-----
Axes           | 3 4 5 6 8 10 12 | 12.5
Fighting       | 4 5 6 7 |  7.8
Armour         | 4 5 6 7 8 |  8.2
Shields        | 4 5 6 |  6.2
Invocations    | 1 3 4 5 |  5.3

Action                     |  1- 3 |  4- 6 |  7- 9 | 10-12 || total
---------------------------+-------+-------+-------+-------++-------
  Melee: War axe           |    91 |   210 |   398 |   106 ||   805
 Invoke: Convert to Beogh  |       |     1 |       |       ||     1
    Use: Scroll            |     1 |     4 |     8 |       ||    13
         Potion            |       |     1 |     3 |     1 ||     5
 Armour: Scale mail        |    69 |   176 |   354 |    81 ||   680
  Dodge: Dodged            |    50 |   107 |   182 |    52 ||   391
  Block: Buckler           |    14 |    48 |   101 |    21 ||   184

Table legend: (Time is in decaauts)
 A = Elapsed time spent in this place.
 B = Non-inter-level travel time spent in this place.
 C = Inter-level travel time spent in this place.
 D = Time resting spent in this place.
 E = Time spent auto-exploring this place.
 F = Levels seen in this place.
 G = Mean time per level.
                   A        B        C        D        E       F      G
               +--------+--------+--------+--------+--------+-----+--------+
         Total |   7947 |   7665 |    282 |    857 |   4470 |  12 |  662.2 |
       Dungeon |   7374 |   7092 |    282 |    749 |   4460 |   9 |  819.3 |
        Temple |      1 |      1 |      0 |      0 |      0 |   1 |    1.0 |
       Ossuary |    427 |    427 |      0 |     71 |     10 |   1 |  427.0 |
        Bailey |    144 |    144 |      0 |     37 |      0 |   1 |  144.0 |
               +--------+--------+--------+--------+--------+-----+--------+

Top non-repeatable levels by time:
     D:6: 1384 daAuts
     D:8: 1230 daAuts
     D:2: 1121 daAuts
     D:4: 920 daAuts
     D:5: 850 daAuts
     D:1: 639 daAuts
     D:3: 488 daAuts
 Ossuary: 427 daAuts
     D:7: 424 daAuts
     D:9: 314 daAuts
  Bailey: 144 daAuts
  Temple: 1 daAuts
